Cogmind - Beta 13 @@@ ROGUE MODE // 2024.04.03 @ 02:45:17 Player: gabr Result: Destroyed by G-47 Trooper with Particle Gun Performance ------------- Evolutions (0) 0 Regions Visited (2) 400 Robots Destroyed (22) 110 Value Destroyed (335) 335 Prototype IDs (0) 0 Alien Tech Used (0) 0 Bonus (0) 0 TOTAL SCORE: 845 Bonus ------- None Cogmind --------- Core Integrity 0/250 Matter 290/300 Energy 219/250 System Corruption 0% Temperature Warm (100) Movement Rolling (140) Ox4 Location -10/Mines Parts ------- > --- POWER (1) -------- Ion Engine > --- PROPULSION (2) --- Wheel > --- UTILITY (2) ------ High-capacity Storage Unit Salvage Targeting Computer > --- WEAPON (2) ------- Small Laser Light Assault Rifle > --- INVENTORY (20) --- Ion Engine Light Ion Engine Light Ion Engine Aluminum Leg Aluminum Leg Improved Heat Sink High-capacity Storage Unit Seismic Detector Transport Network Coupler Core Shielding Power Shielding Propulsion Shielding EM Pulse Gun Light Assault Rifle Grenade Launcher Grenade Launcher Mining Laser Mining Laser Mining Claw Peak State ------------ > --- POWER ------------ Light Ion Engine > --- PROPULSION ------- Aluminum Leg Aluminum Leg > --- UTILITY ---------- High-capacity Storage Unit Salvage Targeting Computer > --- WEAPON ----------- EM Shotgun EM Shotgun > --- INVENTORY -------- Light Ion Engine Light Ion Engine Wheel Wheel Wheel High-capacity Storage Unit Seismic Detector Propulsion Shielding EM Pulse Gun Mining Laser [Rating: 11] Favorites ----------- Power Light Ion Engine Engine Light Ion Engine Propulsion Wheel Leg Aluminum Leg Wheel Wheel Utility Salvage Targeting Computer Device Seismic Detector Storage High-capacity Storage Unit Processor Salvage Targeting Computer Weapon Small Laser Energy Gun Small Laser Ballistic Gun Light Assault Rifle Launcher Grenade Launcher Build | -11 -10 -10 ------- Run | Yrd Mat Min Slots Evolved . | . . . Power . | . . . Propulsion . | . . . Utility . | . . . Weapon . | . . . Parts Attached 30 | 8 16 6 Power 6 | 1 3 2 Engine 6 | 1 3 2 Core . | . . . Reactor . | . . . Propulsion 6 | 2 3 1 Treads . | . . . Leg 3 | 2 1 . Wheel 3 | . 2 1 Hover . | . . . Flight . | . . . Utility 4 | 2 2 . Device 1 | 1 . . Storage 2 | 1 1 . Processor 1 | . 1 . Hackware . | . . . Protection . | . . . Artifact . | . . . Weapon 14 | 3 8 3 Energy Gun 11 | 3 6 2 Energy Cannon . | . . . Ballistic Gun 2 | . 1 1 Ballistic Cannon . | . . . Launcher 1 | . 1 . Special Weapon . | . . . Impact Weapon . | . . . Slashing Weapon . | . . . Piercing Weapon . | . . . Special Melee Weapon . | . . . Unidentified Prototypes . | . . . Parts Lost 8 | . 6 2 Power 1 | . 1 . Propulsion 3 | . 1 2 Utility . | . . . Weapon 4 | . 4 . Highest Loss Streak 5 | . 5 2 To Critical Strikes . | . . . Average Slot Usage (%) 94 | . 92 99 Engine 13 | . 12 14 Leg 7 | . 11 . Wheel 20 | . 16 27 Storage 14 | . 14 14 Processor 13 | . 13 14 Energy Gun 22 | . 22 22 Ballistic Gun 2 | . . 5 Naked Turns . | . . . Heaviest Build 49 | 13 49 48 Greatest Support 20 | 20 20 20 Greatest Overweight (x) 4 | 3 4 2 Average Overweight (x) 1 | . 1 2 Largest Inventory Capacity 20 | 8 20 20 Average Capacity 17 | 7 18 20 Most Carried 20 | 8 20 20 Average Carried 13 | 3 13 19 Final Capacity 20 | 8 20 20 Final Carried 20 | 7 20 19 Class Distribution -------------------- 100% | Mutant Dominant Class ---------------- Mutant | -10/Materials Mutant | -10/Mines Resources | -11 -10 -10 ----------- Run | Yrd Mat Min Matter Collected 494 | 274 171 49 Remotely . | . . . Salvage Created 695 | 66 464 165 Parts 49 | 6 21 22 Haulers Intercepted 2 | . 2 . Recyclers Shooed 1 | . 1 . Parts Field Recycled . | . . . Retrieved Matter . | . . . Parts Self-Destructed . | . . . Prevented . | . . . Kills | -11 -10 -10 ------- Run | Yrd Mat Min Combat Hostiles Destroyed 14 | . 7 7 Guns 12 | . 5 7 AOE 2 | . 2 . Classes Destroyed 6 | 2 4 . Tunneler 2 | 1 . 1 Hauler 2 | . 2 . Recycler 3 | 1 2 . Watcher 1 | . 1 . Swarmer 9 | . 3 6 Grunt 5 | . 4 1 Best Kill Streak 5 | 1 5 4 Combat Bots Only 4 | . 4 3 Max Kills in Single Turn 2 | 1 2 1 Gunslinging . | . . . Exploded 1 | . 1 . Melee . | . . . Uniques/NPCs Destroyed . | . . . Combat | -11 -10 -10 -------- Run | Yrd Mat Min Hostile Shots Fired 100 | . 60 40 Missed 25 | . 16 9 Damage Taken 963 | . 644 319 Core 250 | . 136 114 Absorbed by Shields . | . . . Core Remaining (%) 100 | 100 . . Volleys Fired 64 | 10 35 19 Largest 2 | 2 2 2 Hottest 90 | 90 90 90 Shots Fired 104 | 12 54 38 Gun 101 | 12 51 38 Cannon . | . . . Launcher 3 | . 3 . Special . | . . . Kinetic 9 | . . 9 Thermal 69 | 10 30 29 Explosive 3 | . 3 . Electromagnetic 23 | 2 21 . Robot Hit Streak 14 | 3 8 14 Robot Miss Streak 3 | 1 3 2 Penetration Max . | . . . Secondary Targets . | . . . Shots Hit Robots 70 | 8 37 25 Core Hits 39 | 3 26 10 Critical Kills . | . . . Critical Parts Destroyed . | . . . Critical Strikes 3 | 2 . 1 Burn 3 | 2 . 1 Melee Attacks . | . . . Impact . | . . . Slashing . | . . . Piercing . | . . . Sneak Attacks . | . . . Combat Hostiles . | . . . Follow-up Attacks . | . . . Damage Inflicted 1132 | 102 765 265 Guns 798 | 102 431 265 Cannons . | . . . Explosions 334 | . 334 . Melee . | . . . Ramming . | . . . Kinetic 55 | . . 55 Thermal 617 | 90 317 210 Explosive 239 | . 239 . Electromagnetic 221 | 12 209 . Impact . | . . . Slashing . | . . . Piercing . | . . . Highest Corruption . | . . . Average Corruption . | . . . Corruption Purged . | . . . Corruption Blocked . | . . . Overload Shots . | . . . Overflow Damage 13 | . 13 . Projectiles . | . . . Explosions 13 | . 13 . Melee . | . . . Knockbacks . | . . . Impact . | . . . Kinetic . | . . . Secondary . | . . . Self-Inflicted Damage 126 | . 126 . Shots 4 | . 4 . Rammed . | . . . Targets Rammed . | . . . Kicked . | . . . Crushed . | . . . Highest Temperature 120 | 90 111 120 Average Temperature 40 | 42 34 50 Received Heat Transfer 345 | . 237 108 Siege Activations . | . . . Robots Corrupted . | . . . Combat Hostiles . | . . . Parts Fried . | . . . Impact Corruptions . | . . . Robots Melted . | . . . Combat Hostiles . | . . . Parts Melted 3 | 2 1 . Heat Transferred 1687 | 407 660 620 Parts Sabotaged . | . . . Parts Stolen . | . . . Parts Stripped . | . . . Power Chain Reactions 2 | . 2 . Alert | -11 -10 -10 ------- Run | Yrd Mat Min Peak Influence 187 | 10 136 187 Initial 22 | . 6 22 Average 78 | 4 71 131 Maximum Alert Level . | . . . Low Security (%) 100 | 100 100 100 Level 1 . | . . . Level 2 . | . . . Level 3 . | . . . Level 4 . | . . . Level 5 . | . . . High Security . | . . . Max Security . | . . . Squads Dispatched 1 | . 1 . Investigation . | . . . Extermination . | . . . Reinforcement 1 | . 1 . Assault . | . . . Garrison . | . . . Intercept . | . . . Searches Triggered . | . . . Construction Impeded . | . . . Haulers Reinforced . | . . . Active Scanning Responses . | . . . Cargo Convoy Interrupts . | . . . Stealth | -11 -10 -10 --------- Run | Yrd Mat Min Distress Signals 2 | . 2 . Communications Jammed . | . . . Distress Signals . | . . . Times Spotted 19 | . 11 8 Peak Tracking Total 6 | . 6 3 Tactical Retreats . | . . . Traps | -11 -10 -10 ------- Run | Yrd Mat Min Traps Triggered . | . . . Indirectly . | . . . Trap Hack Attempts . | . . . Triggered . | . . . Disarmed . | . . . Reprogrammed . | . . . Reused . | . . . Traps Extracted . | . . . Installed . | . . . Triggered . | . . . Machines | -11 -10 -10 ---------- Run | Yrd Mat Min Machines Disabled 1 | . 1 . Max in Single Turn 1 | . 1 . Machines Repaired . | . . . Machines Dismantled . | . . . Machines Sabotaged . | . . . Overloaded Fab Kills . | . . . Hacking | -11 -10 -10 --------- Run | Yrd Mat Min Machines Accessed 2 | . 1 1 Terminals 1 | . . 1 Fabricators . | . . . Repair Stations . | . . . Recycling Units 1 | . 1 . Scanalyzers . | . . . Garrison Access . | . . . Total Hacks 4 | . 2 2 Successful 2 | . 1 1 Failed 2 | . 1 1 Catastrophic 1 | . . 1 Database Lockouts . | . . . Manual . | . . . Terminals 2 | . . 2 Fabricators . | . . . Repair Stations . | . . . Recycling Units 2 | . 2 . Scanalyzers . | . . . Garrison Access . | . . . Terminal Hacks 1 | . . 1 Zone Layout 1 | . . 1 Fabricator Hacks . | . . . Repair Station Hacks . | . . . Recycling Unit Hacks 1 | . 1 . Retrieve Components 1 | . 1 . Scanalyzer . | . . . Garrison Access Hacks . | . . . Unauthorized Hacks . | . . . Terminals . | . . . Fabricators . | . . . Repair Stations . | . . . Recycling Units . | . . . Scanalyzers . | . . . Garrison Access . | . . . Data Cores Recovered . | . . . Used . | . . . Hacking Detections 2 | . 1 1 Full Trace Events . | . . . Feedback Events . | . . . Feedback Blocked . | . . . Robot Schematics Acquired . | . . . Robots Built . | . . . Authchips . | . . . Time . | . . . Total Robot Build Rating . | . . . Part Schematics Acquired . | . . . Parts Built . | . . . Authchips . | . . . Time . | . . . Total Part Build Rating . | . . . Parts Repaired . | . . . Time . | . . . Parts Recycled . | . . . Recycled Matter . | . . . Retrieved Matter . | . . . Retrieved Components 10 | . 10 . Parts Scanalyzed . | . . . Part Schematics Acquired . | . . . Parts Damaged . | . . . Bothacking | -11 -10 -10 ------------ Run | Yrd Mat Min Used RIF Installer . | . . . Robots Hacked . | . . . Non-combat . | . . . Combat . | . . . Robot Hacks Applied . | . . . Relay Couplers Released . | . . . Fabnet Peak Effective % . | . . . Robots Rewired . | . . . Allies Hacked . | . . . Hacks Repelled . | . . . Allies | -11 -10 -10 -------- Run | Yrd Mat Min Total Allies . | . . . Largest Group . | . . . Highest-Rated Group . | . . . Highest-Rated Ally . | . . . Total Orders . | . . . Ally Attacks . | . . . Total Damage . | . . . Kills . | . . . Allies Corrupted . | . . . Allies Melted . | . . . Intel | -11 -10 -10 ------- Run | Yrd Mat Min Robot Analysis Total . | . . . Derelict Logs Recovered 1 | . . 1 Drone Launches . | . . . Drone Recoveries . | . . . Exploration | -11 -10 -10 ------------- Run | Yrd Mat Min Turns Passed 896 | 150 481 265 Spaces Moved 455 | 89 190 176 Core 17 | 17 . . Treads . | . . . Legs 145 | 72 73 . Wheels 293 | . 117 176 Hover . | . . . Flight . | . . . Fastest Speed 50 | 50 110 110 Average Speed 126 | 120 144 110 Slowest Speed 400 | 200 400 110 Overloaded Moves . | . . . Propulsion Burnouts . | . . . Robots Hopped . | . . . Cave-ins Triggered . | . . . Exploration Rate (%) 22 | 5 30 32 Regions Visited 2 Branch Regions 1 Pre-discovered Areas 1 | . . 1 Known Exits Taken . | . . . Unknown Exits Taken 2 | 1 1 . Scrap Searched . | . . . Spaces Dug . | . . . Terrain Destroyed 16 | . 16 . Melee . | . . . Projectile . | . . . AOE 16 | . 16 . Terrain Rammed . | . . . Walls Destroyed . | . . . Machines Disabled . | . . . Actions | -11 -10 -10 --------- Run | Yrd Mat Min Total 676 | 117 341 218 Wait 89 | . 81 8 Move 453 | 88 189 176 Hop . | . . . Pick Up 23 | 9 12 2 Fast Attach 16 | 7 7 2 Attach 6 | . 5 1 Detach 4 | . 4 . Swap 8 | 1 4 3 Drop 13 | 2 4 7 Fire 64 | 10 35 19 Melee . | . . . Ram . | . . . Kick . | . . . Crush . | . . . Escape Stasis . | . . . Rewire . | . . . Trap . | . . . Miscellaneous . | . . . Route ------- -11/Scrapyard -10/Materials -10/Mines (discovered 1 exit: [*Mat]) History --------- Turn | Location | Event 22 | -11/Scrapyard | Discovered new exit (range 16) 151 | -11/Scrapyard | Entered Materials 351 | -10/Materials | Build established: Mutant 369 | -10/Materials | Lost 5 parts (1p1n3w) 413 | -10/Materials | Core integrity fell below 50% 576 | -10/Materials | Discovered new exit (range 11) 632 | -10/Materials | Entered Mines 842 | -10/Mines | Discovered new exit (range 9) 888 | -10/Mines | Core integrity fell below 20% 897 | -10/Mines | Destroyed by G-47 Trooper with Particle Gun Last Messages --------------- 00785_ Acquired Lgt. Assault Rifle. 00786_ Dropped Sml. Laser. 00788_ Acquired Med. Laser. 00798_ Connecting with Terminal... 00798_ Current location identified: Mines >>Layout(Zone) Retrieving Zone 6W layout... Downloaded map data. 00819_ T-07 Excavator is excavating. 00842_ EXIT=FOUND 00855_ Acquired derelict log, extracted data. World map updated: -8/Materials. 00862_ G-34 Mercenary destroyed. 00873_ Dropped Med. Laser. 00874_ Acquired 33 matter. 00877_ Dropped Lgt. Ion Engine. 00879_ Acquired 6 matter. 00883_ Wheel destroyed. 00893_ Critical hit (Burn: +37). 00895_ Wheel destroyed. Map ----- +----------------------------------------------------+ | ??????????? """ ## ##??## #??????? | | ???????????# ## """ #???# #??????? | | ???????????##### ### #???# ##?????? | | ???????????????# ##?# #???# ##????? | | ???????????????## ####??# ##??## ##???? | | ???????????????## ##?????## ###### ##??? | | ???????????????# #???????### ### ###? | | ???????????????# ##????????## ## ## | | ???????????????# ##????????#### #### # | | ???????????????## ##??????????# #??# # | | ????????????????## #??????????# #?## ## | | ?????????????????## #?###??????# ### ##? | | ??????????????????## ##?#T######?# ##?? | | ???????????????????####??# #?## #### #??? | | ??????????????####??###### """" #??# #??## ##?? | | ??????????????# ##?# """" #??# #???# ##? | | ??????????????# #?# #### """" #??# #???# #? | | ??????????????## #?# #??# #### #???# #? | | ???????????????# ##?# #??# #???## ##? | | ???????????????# #??# #??# [ ######????### ##?? | | ???????????#???# #??# #??#####%##???????????# #??? | | ???????????#???# #### ######## ############## #??? | | ???????????#???# [*[ % = #??? | | ???????????#???########### ####################??? | | ?????????# ###############*###???????????????????? | | ?????????# [@g #???????????????????? | | ?????????################## #???????????????????? | | ??????????????????????????# #???????????????????? | | ??????????????????????????# #???????????????????? | | ?????????????????????????? ??????????????????? | | ??????????????????????????" """ ?????????????????? | | ?????????????????????????"" """ #????????????????? | | ?????????????????????????"" """ #????????????????? | | ???????????????????????? #????????????????? | | ???????????????????????? < #????????????????? | | ????????????????????????? ???????????????????? | | ?????????????????????????? ????????????????????? | | ?????????????????????????#####???????????????????? | | ?????????????????????????????????????????????????? | | ?????????????????????????????????????????????????? | | ?????????????????????????????????????????????????? | | ?????????????????????????????????????????????????? | | ?????????????????????????????????????????????????? | | | | | | | | | | | | | | | +----------------------------------------------------+ Best States ------------- Heat Dissipation 25 Energy Generation 10 Energy Capacity 250 Matter Stores 300 Matter Capacity 300 Sight Range 16 Terrain Scan Density 10 Evasion (%) 55 Salvage Targeting 1 Item Schematics ----------------- None Robot Schematics ------------------ None Fabricated ------------ Nothing Alien Tech Used ----------------- None Achievements -------------- None Challenges ------------ None Game ------ Seed MetafiberShieldArray Manual? 0 Play Time 00:07:32 Cumulative 42.0 hours Start 2024.04.03 @ 02:38:21 End 2024.04.03 @ 02:45:17 Sessions 1 Manual Loads 0 Difficulty Rogue Special Mode None Game No. 96 Rogue 96 Adventurer 0 Explorer 0 Win Type - Total 0 Types 0/0/0/0/0/0/0/0/0 Lore% 20 Gallery% 33 Achievement% 26 Wizard Run 0 Options --------- Layout 0 ASCII 0 Keyboard 1 Movement Numpad Keybinds 0 Fullscreen 1 Font 18/X11 Map View 76x50 Zoom Use 0% Tactical HUD 1 Map Filters NONE Filters NONE Steam 1 RUN: 0abf2a67-b8f8-4a42-8b65-85f2a40fdc46